 Dungeon Crawl Stone Soup version 0.26-a0-966-gd078a86f14 (webtiles) character file.

Game seed: 10631044470298007973

12818 Gildeon the Spear-Bearer (level 11, 0/92 HPs)
             Began as a Minotaur Fighter on Dec 3, 2020.
             Was a High Priest of Qazlal.
             Splashed by an acid dragon's acid (9 damage)
             ... on level 13 of the Dungeon.
             The game lasted 00:39:59 (11938 turns).

Gildeon the Spear-Bearer (Minotaur Fighter)        Turns: 11938, Time: 00:39:59

Health: 0/92       AC: 18    Str: 22    XL:     11   Next: 67%
Magic:  15/15      EV: 10    Int:  7    God:    Qazlal [*****.]
Gold:   527        SH: 11    Dex: 13    Spells: 17/17 levels left

rFire    + + +     SeeInvis .   D - +2 halberd "Qedwuuv" {holy, rC++ rN+ Str-4 Dex+3}
rCold    + + .     Faith    .   (shield currently unavailable)
rNeg     + . .     Spirit   .   F - +3 chain mail {rF+}
rPois    .         Reflect  +   (helmet restricted)
rElec    .         Harm     .   H - +0 cloak {rCorr}
rCorr    +         Rampage  .   r - +2 pair of gloves of Skepticism {rF+ Str+2 Int+2}
MR       +....                  f - +0 pair of boots
Stlth    ..........             w - amulet of reflection
HPRegen  0.25/turn              C - ring of protection from magic
MPRegen  0.14/turn              n - ring of protection from fire

@: repel missiles
A: retaliatory headbutt, horns 2
a: Upheaval, Elemental Force, Disaster Area, Renounce Religion


You were on level 13 of the Dungeon.
You worshipped Qazlal.
Qazlal was extremely pleased with you.
You visited 2 branches of the dungeon, and saw 13 of its levels.

You collected 741 gold pieces.
You spent 214 gold pieces at shops.

Inventory:

Hand Weapons
 l - a +4 vorpal broad axe
 s - a +4 vorpal spear
 t - a +1 flail of protection
 D - the +2 halberd "Qedwuuv" (weapon) {holy, rC++ rN+ Str-4 Dex+3}
   (You found it on level 7 of the Dungeon)

   It has been blessed by the Shining One to cause great damage to the undead
   and demons.
   It affects your strength (-4).
   It affects your dexterity (+3).
   It greatly protects you from cold.
   It protects you from negative energy.
Armour
 f - a +0 pair of boots (worn)
 q - a +0 tower shield
 r - the +2 pair of gloves of Skepticism (worn) {rF+ Str+2 Int+2}
   (You found it on level 9 of the Dungeon)

   It affects your strength (+2).
   It affects your intelligence (+2).
   It protects you from fire.
 F - a +3 chain mail of fire resistance (worn)
 H - a +0 cloak of preservation (worn)
Jewellery
 n - a ring of protection from fire (right hand)
 w - an amulet of reflection (around neck)
 C - a ring of protection from magic (left hand)
Wands
 a - a wand of enslavement (13)
 b - a wand of polymorph (6)
 h - a wand of random effects (31)
 p - a wand of paralysis (10)
 E - a wand of digging (5)
 G - a wand of acid (8)
Scrolls
 j - 5 scrolls of amnesia
 v - 3 scrolls of teleportation
 y - a scroll of blinking
 B - 7 scrolls of remove curse
 J - a scroll of fog
Potions
 c - a potion of magic
 d - 2 potions of might
 e - a potion of berserk rage
 g - 2 potions of ambrosia {unknown}
 i - 2 potions of cancellation
 k - 6 potions of curing
 m - 5 potions of lignification
 o - a potion of invisibility
 x - 5 potions of brilliance
 z - 3 potions of heal wounds
 A - a potion of haste


   Skills:
 + Level 7.3 Fighting
 - Level 10.5(12.4) Axes
 + Level 11.0(12.6) Polearms
 - Level 5.0 Armour
 - Level 5.0 Dodging
 - Level 9.0 Shields
 + Level 3.8 Spellcasting
 - Level 5.0 Invocations
 - Level 5.0 Evocations


You had 17 spell levels left.
You didn't know any spells.
Your spell library contained the following spells:

 Spells                   Type           Power        Failure   Level
 Beastly Appendage        Tmut           #.....       94%         1
 Magic Dart               Conj           #...         94%         1
 Blink                    Tloc           N/A          98%         2
 Call Imp                 Summ           #.......     98%         2
 Slow                     Hex            #.......     98%         2
 Wereblood                Tmut           #.......     98%         2
 Conjure Flame            Conj/Fire      #.......     100%        3
 Mephitic Cloud           Conj/Pois/Air  #.......     100%        3
 Spider Form              Tmut/Pois      #.........   100%        3
 Ice Form                 Ice/Tmut       #.......     100%        4
 Blade Hands              Tmut           #.........   100%        5
 Bolt of Magma            Conj/Fire/Erth #.........   100%        5
 Iskenderun's Battlesphe  Conj           #.......     100%        5
 Iron Shot                Conj/Erth      #.........   100%        6
 Orb of Destruction       Conj           #.........   100%        7
 Spellforged Servitor     Conj/Summ      #.........   100%        7


Dungeon Overview and Level Annotations

Branches:
Dungeon (11/15)            Temple (1/1) D:6            Lair (0/6) D:9
    Orc: D:9-12

Altars:
Ashenzari
Cheibriados
Dithmenos
Elyvilon
Fedhas
Gozag
Hepliaklqana
Kikubaaqudgha
Makhleb
Nemelex Xobeh
Okawaru
Qazlal
Ru
Sif Muna
Trog
Uskayaw
Vehumet
Wu Jian
Xom
Yredelemnul
Zin
The Shining One
Beogh

Shops:
D:8 *

Annotations:
D:10 3 runed translucent doors, RamboRex's ghost, journeyman MiBe


Innate Abilities, Weirdness & Mutations

You reflexively headbutt those who attack you in melee.
You have a pair of horns on your head.


Message History

You hear a roar!
You feel sick. x3
An acid dragon comes into view.
You feel better.
The acid dragon roars!
The acid dragon spits acid at you. The splash of acid hits you. You resist.
* * * LOW HITPOINT WARNING * * *
You are splashed with acid!
You resist.
* * * LOW HITPOINT WARNING * * *
Found a stormy altar of Qazlal.
You hit the acid dragon but do no damage.
You block the acid dragon's attack.
The acid dragon claws you but does no damage.
You hit the acid dragon but do no damage.
You closely miss the acid dragon. The acid dragon spits acid at you.
The splash of acid hits you but does no damage.
You are splashed with acid!
You resist.
You die...

#.(...#
#.(...#
#.(...#
#.(...#
#.....#
#....°#
#.....#
####.##
#@# #D#
#.# #..
##. ..
.. _..


You could see an acid dragon (catching breath).

Vanquished Creatures
  A boulder beetle (D:7)
  2 two-headed ogres
  Maurice (D:9)
  Psyche (D:8)
  Maggie (D:6)
  A komodo dragon (D:9)
  A kobold demonologist (D:7)
  A centaur skeleton (D:11)
  3 trolls
  2 hornets (D:10)
  Sigmund (D:3)
  A vampire (D:7)
  3 basilisks (D:9)
  A steam dragon (D:10)
  An acid dragon (D:7)
  2 soldier ants (D:7)
  7 orc warriors
  5 ice beasts
  3 sky beasts
  A phantom (D:10)
  3 black bears
  A swamp drake (D:9)
  2 necrophages
  5 ogres
  5 centaurs
  2 big kobolds (D:7)
  Blork the orc (D:4)
  11 bullfrogs
  2 scorpions
  6 killer bees
  7 wights
  6 howler monkeys
  A jelly (D:9)
  A bullfrog zombie (D:10)
  3 centaur zombies
  15 orc wizards
  6 hounds
  A bullfrog skeleton (D:10)
  8 orc priests
  Natasha (thrice) (D:2)
  3 iguanas
  8 worker ants
  A hound zombie (D:7)
  A mummy (D:4)
  A worker ant zombie (D:7)
  3 gnolls (D:3)
  A howler monkey skeleton (D:7)
  7 adders
  A shadow imp (D:5)
  8 white imps
  An ufetubus (D:5)
  2 oozes
  A worm zombie (D:7)
  An adder skeleton (D:5)
  2 adder zombies
  A worm (D:2)
  4 dart slugs
  11 leopard geckos
  39 orcs
  10 giant cockroaches
  2 gnoll zombies (D:7)
  4 goblins (D:7)
  3 hobgoblins
  9 jackals
  11 kobolds
  2 quokkas
  6 bats
  4 frilled lizards
  A giant cockroach zombie (D:5)
  A hobgoblin zombie (D:4)
  2 kobold zombies (D:4)
  A leopard gecko skeleton (D:4)
  An orc zombie (D:4)
  2 quokka skeletons (D:7)
  4 rats
287 creatures vanquished.

Vanquished Creatures (others)
  Nessos (D:13)
  2 plants (D:6)
3 creatures vanquished.

Grand Total: 290 creatures vanquished

Notes
Turn   | Place    | Note
-------+----------+-------------------------------------------
     0 | D:1      | Gildeon the Minotaur Fighter began the quest for the Orb.
     0 | D:1      | Reached XP level 1. HP: 19/19 MP: 0/0
   216 | D:1      | Reached XP level 2. HP: 26/26 MP: 1/1
   811 | D:2      | Reached XP level 3. HP: 25/31 MP: 2/2
   989 | D:2      | Noticed Natasha
   994 | D:2      | Killed Natasha
   995 | D:2      | Reached skill level 5 in Axes
  1114 | D:2      | Reached XP level 4. HP: 39/39 MP: 3/3
  1148 | D:2      | Noticed Natasha
  1154 | D:2      | Killed Natasha
  1493 | D:2      | Found a shimmering blue altar of Sif Muna.
  1503 | D:2      | Noticed Natasha
  1514 | D:2      | Killed Natasha
  2089 | D:3      | Noticed Sigmund
  2113 | D:3      | Killed Sigmund
  2114 | D:3      | Reached XP level 5. HP: 30/45 MP: 4/4
  2114 | D:3      | Reached XP level 6. HP: 34/51 MP: 5/5
  2462 | D:3      | Found a sparkling altar of Nemelex Xobeh.
  2551 | D:3      | Found a stormy altar of Qazlal.
  2572 | D:3      | Became a worshipper of Qazlal Stormbringer
  2963 | D:4      | Reached skill level 1 in Polearms
  3078 | D:4      | Reached skill level 2 in Polearms
  3170 | D:4      | Noticed Blork the orc
  3180 | D:4      | Killed Blork the orc
  3299 | D:4      | Reached XP level 7. HP: 48/60 MP: 6/6
  3397 | D:4      | Reached skill level 5 in Fighting
  3397 | D:4      | Reached skill level 3 in Polearms
  3620 | D:5      | Entered Level 5 of the Dungeon
  3657 | D:5      | Reached * piety under Qazlal
  3659 | D:5      | Reached skill level 4 in Polearms
  3822 | D:5      | Found a broken altar of Ashenzari.
  4074 | D:5      | Reached skill level 5 in Armour
  4150 | D:5      | Reached skill level 1 in Dodging
  4222 | D:5      | Reached skill level 5 in Polearms
  4369 | D:5      | Noticed a two-headed ogre
  4380 | D:5      | Killed a two-headed ogre
  4381 | D:5      | Reached skill level 7 in Polearms
  4381 | D:5      | Reached XP level 8. HP: 41/68 MP: 7/7
  5043 | D:5      | Reached skill level 5 in Dodging
  5430 | D:6      | Reached skill level 1 in Evocations
  5461 | D:6      | Reached ** piety under Qazlal
  5498 | D:6      | Reached skill level 8 in Polearms
  5522 | D:6      | Noticed Maggie
  5534 | D:6      | Killed Maggie
  5535 | D:6      | Reached XP level 9. HP: 74/74 MP: 8/8
  5543 | D:6      | Reached skill level 5 in Shields
  5958 | D:6      | Found a staircase to the Ecumenical Temple.
  5963 | Temple   | Entered the Ecumenical Temple
  6514 | D:7      | Found a shimmering blue altar of Sif Muna.
  6515 | D:7      | Found an ancient bone altar of Kikubaaqudgha.
  6515 | D:7      | Found an iron altar of Okawaru.
  6515 | D:7      | Found a glowing golden altar of the Shining One.
  6558 | D:7      | Found a snail-covered altar of Cheibriados.
  6592 | D:7      | Reached *** piety under Qazlal
  6840 | D:7      | Found a basalt altar of Yredelemnul.
  6893 | D:7      | Noticed a boulder beetle
  6911 | D:7      | Killed a boulder beetle
  6912 | D:7      | Reached XP level 10. HP: 38/81 MP: 9/9
  7166 | D:7      | Reached skill level 5 in Evocations
  7187 | D:7      | Found a burning altar of Makhleb.
  7187 | D:7      | Noticed a blizzard demon
  7198 | D:7      | Reached skill level 10 in Axes
  7246 | D:7      | Reached skill level 1 in Invocations
  7496 | D:7      | Noticed a rust devil
  7784 | D:7      | Got a crystal halberd
  7985 | D:7      | Identified the +2 halberd "Qedwuuv" {holy, rC++ rN+ Str-4
                  | Dex+3} (You found it on level 7 of the Dungeon)
  7999 | D:8      | Reached **** piety under Qazlal
  8266 | D:8      | Found Atredisu's General Store.
  8282 | D:8      | Bought a +1 chain mail of fire resistance for 214 gold
                  | pieces
  8413 | D:8      | Noticed Psyche
  8419 | D:8      | Killed Psyche
  8425 | D:8      | Reached skill level 9 in Polearms
  8614 | D:8      | Found an iron altar of Okawaru.
  8634 | D:8      | Found an opulent altar of Gozag.
  8913 | D:8      | Reached skill level 1 in Spellcasting
  9055 | D:9      | Found a shimmering altar of Xom.
  9062 | D:9      | Got a pair of faintly glowing gloves
  9068 | D:9      | Identified the +2 pair of gloves of Skepticism {rF+ Str+2
                  | Int+2} (You found it on level 9 of the Dungeon)
  9115 | D:9      | Found a glowing silver altar of Zin.
  9312 | D:9      | Reached XP level 11. HP: 62/86 MP: 13/13
  9420 | D:9      | Found a staircase to the Lair.
  9582 | D:9      | Noticed Maurice
  9595 | D:9      | Killed Maurice
  9907 | D:9      | Got a distressingly furry scale mail
  9965 | D:9      | Reached skill level 5 in Invocations
 10014 | D:9      | Identified the +2 scale mail of Words of Power {Str+3} (You
                  | found it on level 9 of the Dungeon)
 10173 | D:10     | Entered Level 10 of the Dungeon
 10226 | D:10     | Reached skill level 10 in Polearms
 11106 | D:10     | Found a runed translucent gate.
 11107 | D:10     | Noticed RamboRex's ghost (journeyman MiBe)
 11107 | D:10     | Identified the +4 plate armour "Fysawe" {-Cast MR+ SInv}
 11191 | D:10     | Found a runed translucent gate.
 11191 | D:10     | Found a runed translucent gate.
 11419 | D:10     | Found a roughly hewn altar of Beogh.
 11502 | D:11     | Reached ***** piety under Qazlal
 11516 | D:11     | Noticed a two-headed ogre
 11659 | D:11     | Noticed a boulder beetle
 11660 | D:11     | Killed a two-headed ogre
 11883 | D:11     | You fall into a shaft and drop 2 floors!
 11883 | D:13     | Noticed an ogre mage
 11883 | D:13     | Noticed a two-headed ogre
 11883 | D:13     | Noticed a two-headed ogre
 11884 | D:13     | Noticed a two-headed ogre
 11884 | D:13     | Noticed a two-headed ogre
 11887 | D:13     | Noticed Nessos
 11906 | D:13     | Killed Nessos
 11907 | D:13     | Reached skill level 11 in Polearms
 11935 | D:13     | Found a stormy altar of Qazlal.
 11938 | D:13     | Splashed by an acid dragon's acid

Illustrated notes

Levels and vault maps discovered:
D:1:      lemuel_arrival_muddy, layout_basic
D:2:      layout_basic, led_sif_pool, minmay_worlds_worst_comb, uniq_natasha
D:3:      layout_basic, overflow_temple_1_default, nemelex_altar_shiori,
          kennysheep_decorative_pillar, uniq_sigmund
D:4:      layout_basic, minmay_mini_ossuary, uniq_blork_the_orc
D:5:      kennysheep_six_static_rooms, layout_layer_cave,
          cheibrodos_ashenzari_chains, dk_noncrumbling_3
D:6:      layout_cave_pools, minmay_temple_entry_gardened_gates, fountainhead,
          corexii_leaking_fountain, uniq_maggie
D:7:      minmay_the_grid_octo_tiled_octocenter
          [minmay_the_grid_octo_vomiting_pacman, minmay_the_grid_octo_checkered,
          minmay_the_grid_octo_pinwheel, minmay_the_grid_octo_shrine,
          minmay_the_grid_octo_prize_single_spiral,
          minmay_the_grid_square_5x5_fancy_junction,
          minmay_the_grid_square_5x5_doubleslash,
          minmay_the_grid_square_5x5_moneybag, minmay_the_grid_square_5x5_two],
          layout_loops_ring, lemuel_round_altar,
          lemuel_zombie_altar_yredelemnul, enter_ossuary_3, enter_bailey_3,
          st_stairs_9, makhleb_altar_promises_db
D:8:      layout_loops_ring, okawaru_trees_1, grunt_gozag_breadcrumbs,
          serial_shops, shop, uniq_psyche
D:9:      layout_roguey, zin_academy, erik_lair_dragon,
          brannock_xom_greatest_gift, uniq_maurice
D:10:     layout_basic, biasface_ghost_orc_armoury
D:11:     minmay_firetagon, layout_basic, minmay_orc_entry_temple_small
D:13:     layout_stronghold, gammafunk_ghost_mausoleum, grunt_qazlal_clouds,
          uniq_nessos
Temple:   cyrus_circular_temple

Skill      XL: |  1  2  3  4  5  6  7  8  9 10 11 |
---------------+----------------------------------+-----
Axes           | 3 4 5 7 8 9 10 | 10.5
Polearms       | 2 7 8 9 11 | 11.0
Fighting       | 4 5 7 |  7.3
Armour         | 5 |  5.0
Dodging        | 4 5 |  5.0
Shields        | 4 7 9 |  9.0
Evocations     | 2 4 5 |  5.0
Invocations    | 4 5 |  5.0
Spellcasting   | 1 3 |  3.8

Action                   |  1- 3 |  4- 6 |  7- 9 | 10-12 || total
-------------------------+-------+-------+-------+-------++-------
Melee: War axe           |    59 |    58 |       |       ||   117
       Headbutt          |     7 |    17 |    57 |    71 ||   152
       Spear             |       |    58 |   193 |       ||   251
       Mace              |       |       |     6 |       ||     6
       Broad axe         |       |       |   152 |    91 ||   243
       Halberd           |       |       |       |   280 ||   280
       Unarmed           |       |       |       |    12 ||    12
Evoke: Wand              |       |       |       |     2 ||     2
  Use: Scroll            |       |    14 |     8 |     8 ||    30
       Potion            |       |       |     3 |     2 ||     5
Armor: Scale mail        |    36 |    34 |    27 |       ||    97
       Plate armour      |       |       |   127 |    80 ||   207
       Chain mail        |       |       |       |    92 ||    92
Dodge: Dodged            |    23 |    15 |    23 |   139 ||   200
Block: Kite shield       |    33 |     7 |       |       ||    40
       Tower shield      |       |    46 |   263 |    90 ||   399
       Other             |       |       |       |   102 ||   102
       Reflection        |       |       |       |    14 ||    14

Table legend: (Time is in decaauts)
 A = Elapsed time spent in this place.
 B = Non-inter-level travel time spent in this place.
 C = Inter-level travel time spent in this place.
 D = Time resting spent in this place.
 E = Time spent auto-exploring this place.
 F = Levels seen in this place.
 G = Mean time per level.
                   A        B        C        D        E       F      G
               +--------+--------+--------+--------+--------+-----+--------+
         Total |  12000 |  11665 |    335 |    349 |   8990 |  13 |  923.1 |
       Dungeon |  11941 |  11615 |    326 |    349 |   8940 |  12 |  995.1 |
        Temple |     59 |     50 |      9 |      0 |     50 |   1 |   59.0 |
               +--------+--------+--------+--------+--------+-----+--------+

Top non-repeatable levels by time:
     D:7: 1648 daAuts
    D:10: 1624 daAuts
     D:5: 1624 daAuts
     D:2: 1297 daAuts
     D:9: 1109 daAuts
     D:6: 1083 daAuts
     D:8: 1055 daAuts
     D:3: 812 daAuts
     D:1: 803 daAuts
     D:4: 758 daAuts
    D:11: 69 daAuts
  Temple: 59 daAuts
    D:13: 53 daAuts
